[Event "Titled Tuesday Blitz September 28 2021"]
[White "Demidov, Mikhail"]
[Black "Samadov, Read"]
[WhiteFideId "4197143"]
[BlackFideId "13417444"]
[WhiteElo "2929"]
[BlackElo "2799"]
[Result "1-0"]
[Round "09"]
[TimeControl "180+1"]
[Date "2021.09.28"]
[WhiteClock "0:00:13"]
[BlackClock "0:00:17"]

1. Nf3 d5 2. g3 c6 3. Bg2 Bg4 4. Ne5 Bf5 5. O-O Nd7 6. d4 e6 7. c4 Bd6 8. Bf4 Qc7 9. cxd5 exd5 10. Nd3 Ngf6 11. Nc3 O-O 12. Bxd6 Qxd6 13. Rc1 Rfe8 14. e3 h5 15. h3 Bxd3 16. Qxd3 g6 17. Rfe1 Kg7 18. a3 a5 19. Re2 a4 20. Qc2 b5 21. Na2 Rac8 22. Nb4 c5 23. dxc5 Rxc5 24. Qd1 Rxc1 25. Qxc1 d4 26. Rd2 Ne5 27. Rxd4 Qe6 28. Qd1 Nc4 29. Nd3 Nxe3 30. fxe3 Qxe3+ 31. Nf2 Qxg3 32. Rd3 Qe5 33. Qd2 h4 34. Qc3 Qg5 35. Rf3 Re5 36. Kh1 Nd5 37. Qd4 Nf6 38. Ng4 Nxg4 39. hxg4 Kg8 40. Qf4 Qe7 41. Kh2 Re2 42. Qb8+ Kg7 43. Kh3 Rxb2 44. Qf4 b4 45. Qd4+ Kg8 46. Qxb2 1-0


[Site "https://www.chess.com"]

[Event "Titled Tuesday Blitz September 28 2021"]
[White "Di Nicolantonio, Lucas"]
[Black "Garrido Outon, Alex"]
[WhiteFideId "680460"]
[BlackFideId "24516279"]
[WhiteElo "2381"]
[BlackElo "2131"]
[Result "1-0"]
[Round "09"]
[TimeControl "180+1"]
[Date "2021.09.28"]
[WhiteClock "0:01:07"]
[BlackClock "0:00:57"]

1. e4 c6 2. d4 g6 3. Nc3 d5 4. Nf3 Bg7 5. h3 dxe4 6. Nxe4 Nf6 7. Bd3 O-O 8. O-O Nxe4 9. Bxe4 Nd7 10. c3 Nf6 11. Bc2 Qc7 12. Re1 Re8 13. Ne5 Nd7 14. Bf4 Qb6 15. Bb3 Nxe5 16. Bxe5 c5 17. Qf3 e6 18. Rad1 a5 19. Ba4 Rd8 20. dxc5 Rxd1 21. Rxd1 Qxc5 22. Rd8+ Bf8 23. Qf6 1-0


[Site "https://www.chess.com"]

[Event "Titled Tuesday Blitz September 28 2021"]
[White "Dmitrenko, Viktor"]
[Black "Stoyanov, Tsvetan"]
[WhiteFideId "14110270"]
[BlackFideId "2917173"]
[WhiteElo "2294"]
[BlackElo "2191"]
[Result "0-1"]
[Round "09"]
[TimeControl "180+1"]
[Date "2021.09.28"]
[WhiteClock "0:00:13"]
[BlackClock "0:00:41"]

1. e4 e5 2. Bc4 Nf6 3. d3 Bc5 4. Nc3 O-O 5. h3 Nc6 6. a3 a6 7. Nge2 h6 8. O-O d6 9. Ng3 Be6 10. Nd5 Bxd5 11. exd5 Ne7 12. Qf3 b5 13. Ba2 Ng6 14. Nf5 Nh7 15. b4 Bb6 16. Qh5 Qf6 17. c4 Nf4 18. Bxf4 exf4 19. Rae1 g6 20. Nxh6+ Kg7 21. Qf3 Kxh6 22. d4 Bxd4 23. Rd1 Kg7 24. Rfe1 Rae8 25. Rxe8 Rxe8 26. cxb5 axb5 27. Qd3 Ng5 28. Qxd4 Re1+ 29. Kh2 Qxd4 30. Rxd4 Re2 31. Bb3 Rxf2 32. Kg1 Rb2 33. Rd3 Kf6 34. Bd1 Ke5 35. Bf3 Nxf3+ 36. gxf3 Rc2 37. h4 c6 38. dxc6 Rxc6 39. Rd2 d5 40. Ra2 Rc3 41. Kf2 Kd4 42. a4 bxa4 43. Rxa4 Rc4 44. Ra7 Rxb4 45. Rxf7 Rb2+ 46. Kg1 Ke3 47. Rf6 d4 48. Rxg6 d3 49. Re6+ Kxf3 50. Rd6 d2 51. h5 Rb1+ 52. Kh2 d1=Q 53. Rxd1 Rxd1 54. h6 Rd6 55. Kg1 Rxh6 0-1


[Site "https://www.chess.com"]

[Event "Titled Tuesday Blitz September 28 2021"]
[White "Drozdowski, Kacper"]
[Black "Paltrinieri, Nicholas"]
[WhiteFideId "1136720"]
[BlackFideId "828262"]
[WhiteElo "2507"]
[BlackElo "2254"]
[Result "1-0"]
[Round "09"]
[TimeControl "180+1"]
[Date "2021.09.28"]
[WhiteClock "0:01:03"]
[BlackClock "0:00:07"]

1. e4 e6 2. d4 d5 3. Nd2 Be7 4. Ngf3 Nf6 5. e5 Nfd7 6. Bd3 c5 7. c3 b6 8. Qe2 a5 9. O-O Ba6 10. Bxa6 Nxa6 11. Rd1 c4 12. Nf1 b5 13. Ng3 g6 14. Bh6 b4 15. Qe3 Nb6 16. h4 Na4 17. Rd2 Rb8 18. Bg5 h5 19. Ne2 Nc7 20. b3 Nb6 21. Rc1 Nb5 22. Bxe7 Qxe7 23. Ng5 Rc8 24. Rdc2 Na3 25. Rb2 Rc7 26. g3 cxb3 27. axb3 Nac4 28. bxc4 Nxc4 29. Qd3 Nxb2 30. Qb5+ Qd7 31. Qxa5 bxc3 32. Rxc3 Rxc3 33. Qxc3 Nc4 34. Qb4 Qc7 35. Nf4 Qb6 36. Qa4+ Ke7 37. Nxf7 Kxf7 38. Qd7+ Kg8 39. Nxe6 Nxe5 40. Qg7# 1-0


[Site "https://www.chess.com"]

[Event "Titled Tuesday Blitz September 28 2021"]
[White "Dudzinski, Pawel"]
[Black "Aradhya, Garg"]
[WhiteFideId "1117890"]
[BlackFideId "25006746"]
[WhiteElo "2193"]
[BlackElo "2146"]
[Result "0-1"]
[Round "09"]
[TimeControl "180+1"]
[Date "2021.09.28"]
[WhiteClock "0:02:11"]
[BlackClock "0:01:20"]

1. e4 c5 2. Nf3 d6 3. d4 Nf6 4. Nc3 cxd4 5. Nxd4 a6 6. f3 e5 7. Nb3 Be6 8. Be3 Nbd7 9. Qd2 Be7 10. O-O-O h5 11. h4 Rc8 12. Kb1 Qc7 13. Be2 b5 14. Nd5 Bxd5 15. exd5 Nxd5 16. Bxb5 axb5 17. Qxd5 Qxc2+ 18. Ka1 O-O 19. Rd2 Qc4 20. Re2 Qxd5 21. Rd2 Qe6 0-1


[Site "https://www.chess.com"]

[Event "Titled Tuesday Blitz September 28 2021"]
[White "Ekdyshman, Mikhail"]
[Black "Korchmar, Vasiliy"]
[WhiteFideId "4149416"]
[BlackFideId "24131750"]
[WhiteElo "2256"]
[BlackElo "2370"]
[Result "0-1"]
[Round "09"]
[TimeControl "180+1"]
[Date "2021.09.28"]
[WhiteClock "0:00:01"]
[BlackClock "0:00:25"]

1. d4 d6 2. c4 g6 3. Nc3 Bg7 4. e4 Nf6 5. f3 O-O 6. Be3 Nc6 7. Bd3 e5 8. d5 Nd4 9. Nge2 c5 10. dxc6 Nxc6 11. Qd2 Nh5 12. O-O-O f5 13. exf5 gxf5 14. Bb1 Be6 15. Qxd6 Bxc4 16. Qc5 Qh4 17. g3 Qh3 18. Qxc4+ Kh8 19. Rhg1 e4 20. f4 Rac8 21. Qb5 Nf6 22. Bc5 Rfe8 23. Nd4 a6 24. Qf1 Qh5 25. Nxc6 Rxc6 26. Bd4 b5 27. a3 Rb8 28. Bc2 a5 29. Nxb5 Qxh2 30. Rg2 Qh3 31. Nc3 h6 32. Qe2 Rd8 33. Be5 Rdc8 34. Rdg1 Ng4 35. Bxg7+ Kxg7 36. Qd2 Qh5 37. Qd4+ Kh7 38. Rd2 R8c7 39. Re1 Qg6 40. Kb1 Nf6 41. Rc1 Rd7 42. Qe3 Rb7 43. Na4 Qg7 44. Nc3 Ng4 45. Qd4 Qxd4 46. Rxd4 Rxc3 47. Bd1 Rxg3 48. Bxg4 Rxg4 49. Rc5 Rxf4 50. Rxa5 h5 51. Rad5 h4 52. Rd7+ Rxd7 53. Rxd7+ Kg6 54. a4 h3 55. Rd2 e3 56. Rh2 Rxa4 57. Rxh3 e2 58. Rh1 Rf4 59. Rg1+ Kf6 60. Kc2 Rf1 0-1


[Site "https://www.chess.com"]

[Event "Titled Tuesday Blitz September 28 2021"]
[White "Erdogdu, Mert"]
[Black "Garv Gaur"]
[WhiteFideId "6301495"]
[BlackFideId "45030839"]
[WhiteElo "2485"]
[BlackElo "1950"]
[Result "0-1"]
[Round "09"]
[TimeControl "180+1"]
[Date "2021.09.28"]
[WhiteClock "0:00:03"]
[BlackClock "0:00:37"]

1. e4 c6 2. d4 d5 3. exd5 cxd5 4. c4 Nf6 5. Nc3 Nc6 6. Bg5 Be6 7. a3 g6 8. Bxf6 exf6 9. cxd5 Bxd5 10. Qe2+ Ne7 11. Nxd5 Qxd5 12. Qb5+ Qxb5 13. Bxb5+ Kd8 14. Nf3 Rc8 15. Ba4 Bh6 16. O-O Nf5 17. Rfe1 Nd6 18. Re2 b5 19. Bb3 Re8 20. Kf1 Rc1+ 21. Rxc1 Bxc1 22. Rc2 Bf4 23. Bd5 Re7 24. g3 Bh6 25. Rc6 Nc8 26. Rc5 a6 27. Rc6 Ra7 28. Ke2 Kd7 29. Rc5 Nd6 30. Kd3 Rc7 31. Ne1 Bc1 32. Kc2 Bh6 33. Nd3 Bf8 34. Rxc7+ Kxc7 35. Nc5 a5 36. b4 axb4 37. axb4 f5 38. Kd3 Bg7 39. Bb3 g5 40. Bxf7 Nxf7 41. Ne6+ Kd6 42. Nxg7 Nh6 43. h3 Ke7 44. f4 g4 45. hxg4 fxg4 46. Ke4 Nf7 47. Kd5 Kf6 48. Ne8+ Ke7 49. Nc7 Nd6 50. Kc6 Nf5 51. d5 h5 52. Nxb5 h4 53. d6+ Kd8 54. gxh4 g3 0-1


[Site "https://www.chess.com"]

[Event "Titled Tuesday Blitz September 28 2021"]
[White "Ezat, Mohamed"]
[Black "Pavlidis, Anastasios"]
[WhiteFideId "10600906"]
[BlackFideId "4208404"]
[WhiteElo "2414"]
[BlackElo "2136"]
[Result "1/2-1/2"]
[Round "09"]
[TimeControl "180+1"]
[Date "2021.09.28"]
[WhiteClock "0:00:11"]
[BlackClock "0:00:58"]

1. d4 g6 2. c4 Bg7 3. e4 d6 4. Nc3 Nf6 5. Be2 O-O 6. Bg5 Nbd7 7. Qd2 a6 8. h4 b5 9. a3 bxc4 10. Bxc4 Bb7 11. f3 d5 12. Bd3 dxe4 13. fxe4 c5 14. d5 Ne5 15. Nf3 Nxd3+ 16. Qxd3 e6 17. e5 exd5 18. exf6 Bxf6 19. O-O c4 20. Qd2 Qb6+ 21. Kh1 Rad8 22. Bxf6 Qxf6 23. Ng5 Qg7 24. Rae1 Qh6 25. Qf4 Bc8 26. Ne2 Rde8 27. Nd4 Rxe1 28. Rxe1 f6 29. Nh3 Qh5 30. Qc7 Bxh3 31. gxh3 Qxh4 32. Re7 Qxh3+ 33. Kg1 Qg4+ 34. Kf1 Qh3+ 35. Ke2 Kh8 36. Nf3 Qh5 37. Rf7 Re8+ 38. Re7 g5 39. Rxe8+ Qxe8+ 40. Kf2 Kg8 41. Nd4 Qf7 42. Qc8+ Kg7 43. Nf5+ Kg6 44. Nd6 Qe7 45. Qf5+ Kg7 46. Qxd5 Qe5 47. Qxe5 fxe5 48. Nxc4 Kf6 49. b4 h5 50. a4 Ke6 51. b5 axb5 52. axb5 Kd5 53. b6 Kc6 54. Kf3 g4+ 55. Kg3 e4 56. Kf4 h4 57. Kxg4 e3 58. Kf3 h3 59. Nxe3 Kxb6 60. Kg3 h2 61. Kxh2 1/2-1/2


[Site "https://www.chess.com"]

[Event "Titled Tuesday Blitz September 28 2021"]
[White "Gaehwiler, Gabriel"]
[Black "Indjic, Aleksandar"]
[WhiteFideId "1314530"]
[BlackFideId "911925"]
[WhiteElo "2320"]
[BlackElo "2643"]
[Result "0-1"]
[Round "09"]
[TimeControl "180+1"]
[Date "2021.09.28"]
[WhiteClock "0:00:21"]
[BlackClock "0:00:19"]

1. Nf3 b6 2. g3 Bb7 3. Bg2 c5 4. O-O Nf6 5. Re1 e6 6. d3 d5 7. Nbd2 Be7 8. e4 Nc6 9. exd5 Nxd5 10. Ne5 Nxe5 11. Rxe5 Qc7 12. Re1 O-O 13. Nc4 Rad8 14. a4 Rfe8 15. Qe2 Bf6 16. Bd2 a6 17. Ne5 Ne7 18. Bc3 Bxg2 19. Kxg2 Nd5 20. Bd2 Qb7 21. Qf3 Qc7 22. Qe2 Bxe5 23. Qxe5 Qd7 24. h4 Qc6 25. Qe4 Ne7 26. Qxc6 Nxc6 27. Bc3 f6 28. Re2 Kf7 29. Kf1 h5 30. b3 Ne7 31. Ke1 Nf5 32. Kd2 e5 33. Rae1 Re7 34. Re4 Red7 35. Kc1 b5 36. Kb2 Ra8 37. Ra1 Rda7 38. Ba5 Rb7 39. Be1 Raa7 40. axb5 axb5 41. Rxa7 Rxa7 42. b4 c4 43. Bc3 Rd7 44. dxc4 Nd6 45. Re1 Nxc4+ 46. Kb3 Ra7 47. Bb2 Kg6 48. Rd1 Kf5 49. Rd5 Rb7 50. Bc3 Ke6 51. Rc5 Nd6 52. Be1 Kf5 53. Rc6 Rd7 54. Rb6 Ke4 55. Bd2 Kf3 56. Be3 Nc4 57. Rxb5 Nxe3 58. fxe3 Kxe3 59. Rc5 e4 60. b5 Kf2 61. b6 e3 62. Rc7 Rd6 63. b7 Rb6+ 64. Kc4 e2 65. Kc5 Rxb7 66. Rxb7 e1=Q 67. c4 Qe4 68. Rd7 Qe5+ 69. Rd5 Qc7+ 70. Kd4 Kxg3 71. c5 Kxh4 72. Rd6 Kg4 73. Kd5 h4 74. c6 g5 75. Rd7 Qc8 76. Kd6 h3 77. c7 h2 78. Rd8 Qxc7+ 79. Kxc7 h1=Q 0-1


[Site "https://www.chess.com"]

[Event "Titled Tuesday Blitz September 28 2021"]
[White "Gallego Alcaraz, Andres Felipe"]
[Black "Gracia Alvarez, Gerardo Antonio"]
[WhiteFideId "4402669"]
[BlackFideId "5109124"]
[WhiteElo "2394"]
[BlackElo "2148"]
[Result "1/2-1/2"]
[Round "09"]
[TimeControl "180+1"]
[Date "2021.09.28"]
[WhiteClock "0:00:42"]
[BlackClock "0:00:08"]

1. Nf3 c5 2. c4 g6 3. g3 Nc6 4. Bg2 Bg7 5. O-O e6 6. Nc3 Nge7 7. d3 O-O 8. Be3 Nd4 9. Bxd4 cxd4 10. Nb5 d5 11. Nbxd4 Qb6 12. e3 Qxb2 13. Qb3 Qxb3 14. axb3 Nc6 15. Nxc6 bxc6 16. Ra3 a5 17. d4 Ba6 18. Rc1 Rfb8 19. Nd2 Bf8 20. c5 Bd3 21. Bf1 Bxf1 22. Kxf1 Rb5 23. Ke2 e5 24. Kd3 exd4 25. exd4 Bh6 26. f4 Bg7 27. Rca1 Rb4 28. Nf3 Rab8 29. Ne5 Bxe5 30. fxe5 Rxb3+ 31. Rxb3 Rxb3+ 32. Kc2 Rb5 33. Rf1 Rb4 34. Kc3 Rc4+ 35. Kd3 f5 36. exf6 Kf7 37. g4 h6 38. h4 Rb4 39. g5 hxg5 40. hxg5 Rb3+ 41. Kc2 Rg3 42. Re1 Rxg5 43. Re7+ Kxf6 44. Rc7 Rg2+ 45. Kb3 Rg4 46. Rxc6+ Kf5 47. Kc3 Rg3+ 48. Kd2 Rg2+ 49. Ke3 Rg3+ 50. Kf2 Rd3 51. Ra6 Rxd4 52. Rxa5 Rc4 53. Ke3 Ke5 54. Kd3 Rc1 55. Ra6 Rxc5 56. Rxg6 Ra5 57. Rg5+ Kd6 58. Rh5 Ra3+ 59. Kd4 Ra4+ 60. Kd3 Ra3+ 61. Kd4 Ra4+ 62. Kd3 Ra3+ 1/2-1/2


[Site "https://www.chess.com"]

[Event "Titled Tuesday Blitz September 28 2021"]
[White "Garcia Garcia, Alejandro"]
[Black "Maly, Alexey"]
[WhiteFideId "3516334"]
[BlackFideId "14103184"]
[WhiteElo "2131"]
[BlackElo "2250"]
[Result "0-1"]
[Round "09"]
[TimeControl "180+1"]
[Date "2021.09.28"]
[WhiteClock "0:00:02"]
[BlackClock "0:00:27"]

1. Nf3 c5 2. g3 Nc6 3. Bg2 g6 4. O-O Bg7 5. c3 e5 6. e3 Nge7 7. d4 cxd4 8. exd4 exd4 9. Nxd4 Nxd4 10. cxd4 d5 11. Nc3 O-O 12. Bg5 Be6 13. Re1 Re8 14. Qd2 Qd7 15. Rac1 Nf5 16. h4 Nxd4 17. h5 Bg4 18. h6 Nf3+ 19. Bxf3 Bxf3 20. Qd3 Qg4 21. hxg7 Rxe1+ 22. Rxe1 d4 23. Nb1 Bc6 24. Bf4 g5 25. Bd6 Rd8 26. Bc7 Qh5 27. f3 Bxf3 28. Kf2 Bc6 29. g4 Qxg4 30. Qg3 Qf5+ 31. Kg1 Rd5 32. Nd2 Kxg7 33. Re5 Rxe5 34. Qxe5+ Kg6 35. Qxd4 f6 36. Bd8 h5 37. Bc7 h4 0-1


[Site "https://www.chess.com"]

[Event "Titled Tuesday Blitz September 28 2021"]
[White "Gasanov, Zaur"]
[Black "Babiy, Olga"]
[WhiteFideId "34125970"]
[BlackFideId "14117258"]
[WhiteElo "2099"]
[BlackElo "2253"]
[Result "1-0"]
[Round "09"]
[TimeControl "180+1"]
[Date "2021.09.28"]
[WhiteClock "0:00:04"]
[BlackClock "0:00:06"]

1. d4 Nf6 2. Nf3 c5 3. dxc5 e6 4. a3 Bxc5 5. b4 Be7 6. Bb2 O-O 7. e3 d5 8. Nbd2 a6 9. c4 Nc6 10. Be2 b6 11. O-O Bb7 12. Qb3 Rc8 13. Rfd1 Qc7 14. Rac1 Qb8 15. cxd5 Nxd5 16. Nc4 b5 17. Nce5 Nxe5 18. Nxe5 Rxc1 19. Rxc1 Rc8 20. Rxc8+ Qxc8 21. Nd3 f6 22. Bf3 Nc7 23. Bxb7 Qxb7 24. Nf4 Kf7 25. h3 Qc6 26. Qd3 g6 27. Ne2 Qd6 28. Qc2 Nd5 29. Bd4 Qc7 30. Qb3 Qc4 31. Qxc4 bxc4 32. e4 Nc7 33. Nc3 Nb5 34. Nxb5 axb5 35. Kf1 e5 36. Be3 Ke6 37. Ke2 f5 38. f3 Bf8 39. Kd2 Kd7 40. Kc3 Kc6 41. a4 bxa4 42. Kxc4 a3 43. b5+ Kb7 44. Kb3 Bd6 45. exf5 gxf5 46. g4 f4 47. Bf2 Be7 48. h4 Kc7 49. h5 Kb7 50. Ka2 Kc7 51. Kb3 Kb7 52. Be1 Kc7 53. Bc3 Bd6 54. g5 Kd7 55. b6 Ke6 56. b7 Kf5 57. g6 hxg6 58. h6 Kf6 59. Kc4 g5 60. Kd5 Bb8 61. h7 Kg7 62. Bxe5+ Bxe5 63. Kxe5 a2 64. h8=Q+ Kxh8 65. b8=Q+ Kg7 66. Qa7+ Kg6 67. Qxa2 Kh5 68. Qg2 Kg6 69. Qg4 Kh6 70. Kf6 Kh7 71. Kf7 Kh6 72. Qh3# 1-0


[Site "https://www.chess.com"]

[Event "Titled Tuesday Blitz September 28 2021"]
[White "Gelman, Alexander"]
[Black "Pasti, Aron"]
[WhiteFideId "4118316"]
[BlackFideId "785857"]
[WhiteElo "2375"]
[BlackElo "2080"]
[Result "1-0"]
[Round "09"]
[TimeControl "180+1"]
[Date "2021.09.28"]
[WhiteClock "0:00:09"]
[BlackClock "0:00:02"]

1. d4 d5 2. Nc3 Nf6 3. Bf4 Bf5 4. f3 c5 5. e4 dxe4 6. d5 Nbd7 7. g4 Bg6 8. h4 exf3 9. Qxf3 h5 10. g5 Ng4 11. O-O-O Qb6 12. Bh3 Bf5 13. Nge2 O-O-O 14. Ng3 Nge5 15. Bxe5 Bxh3 16. Rxh3 Nxe5 17. Qf5+ Nd7 18. Qxf7 Kb8 19. Nge4 g6 20. d6 exd6 21. Nd5 Qc6 22. Qxg6 Rc8 23. Qf7 Ne5 24. Qf6 Rg8 25. Qe6 Rh8 26. Rc3 Re8 27. Qf6 Rg8 28. Nxc5 Bg7 29. Ne4 Qd7 30. Qf1 Nc6 31. Nef6 Qe6 32. Qb5 Ne5 33. Nxe8 Rxe8 34. Nc7 Qe7 35. Qxe8+ Qxe8 36. Nxe8 Nd7 37. Nxg7 1-0


[Site "https://www.chess.com"]

[Event "Titled Tuesday Blitz September 28 2021"]
[White "Golubev, Mikhail"]
[Black "Suvorov, Luca"]
[WhiteFideId "14100983"]
[BlackFideId "12977071"]
[WhiteElo "2374"]
[BlackElo "2127"]
[Result "1-0"]
[Round "09"]
[TimeControl "180+1"]
[Date "2021.09.28"]
[WhiteClock "0:02:11"]
[BlackClock "0:01:39"]

1. e4 c6 2. d4 d5 3. e5 Bf5 4. h4 h5 5. c4 e6 6. Nc3 Ne7 7. Nge2 dxc4 8. Ng3 b5 9. Bg5 Bg6 10. Nge4 Bxe4 11. Nxe4 f6 12. exf6 Qd5 13. Nc3 1-0


[Site "https://www.chess.com"]

[Event "Titled Tuesday Blitz September 28 2021"]
[White "Gontcharov, Vladislav"]
[Black "Kanyamarala, Trisha"]
[WhiteFideId "4123492"]
[BlackFideId "45004722"]
[WhiteElo "2503"]
[BlackElo "2038"]
[Result "1-0"]
[Round "09"]
[TimeControl "180+1"]
[Date "2021.09.28"]
[WhiteClock "0:00:08"]
[BlackClock "0:00:01"]

1. e4 c5 2. Nf3 d6 3. d4 cxd4 4. Qxd4 Nc6 5. Bb5 a6 6. Bxc6+ bxc6 7. c4 e5 8. Qd3 Nf6 9. Nc3 h6 10. O-O Qc7 11. c5 dxc5 12. Be3 Be6 13. Rac1 Be7 14. Na4 c4 15. Qc2 c5 16. Nd2 Ng4 17. Nxc4 Bxc4 18. Qxc4 Nxe3 19. fxe3 O-O 20. Nc3 Bg5 21. Nd5 Qa5 22. b3 Qd2 23. Qxc5 Rac8 24. Qxc8 Rxc8 25. Rxc8+ Kh7 26. Rxf7 Bxe3+ 27. Nxe3 Qxe3+ 28. Rf2 Qxe4 29. Rc1 Qe3 30. Rd1 e4 31. Kf1 Qc5 32. Re2 Qf5+ 33. Kg1 Qc5+ 34. Kh1 Qa5 35. Rde1 Qa3 36. Rxe4 Qxa2 37. R4e3 a5 38. h3 Qa3 39. Kh2 h5 40. Rf3 a4 41. bxa4 Qxa4 42. Kh1 Qb4 43. Rfe3 Qd2 44. Re5 Kh6 45. Re6+ g6 46. Re8 Qc3 47. Rf1 Qc6 48. Ref8 Qc5 49. R1f7 Qc1+ 50. Kh2 Qc3 51. Re8 Qd4 52. Re6 Qd3 53. Rff6 h4 54. Rd6 Qe3 55. Rxg6+ Kh7 56. Rde6 Qf4+ 57. Kg1 Qc1+ 58. Kf2 Qf4+ 59. Ke2 Qc4+ 60. Kf3 Qd3+ 61. Kf4 Qd4+ 62. Kg5 Qd1 63. Kxh4 Qd4+ 64. Rg4 Qd1 65. Ree4 Qd2 66. Ref4 1-0


[Site "https://www.chess.com"]

[Event "Titled Tuesday Blitz September 28 2021"]
[White "Hansen, Eric"]
[Black "Wagner, Dennis"]
[WhiteFideId "2606771"]
[BlackFideId "24650684"]
[WhiteElo "2875"]
[BlackElo "2772"]
[Result "1-0"]
[Round "09"]
[TimeControl "180+1"]
[Date "2021.09.28"]
[WhiteClock "0:00:07"]
[BlackClock "0:00:03"]

1. Nf3 g6 2. d4 Nf6 3. g3 Bg7 4. Bg2 d5 5. O-O O-O 6. c4 c6 7. b3 dxc4 8. bxc4 c5 9. Bb2 cxd4 10. Nxd4 Qb6 11. Qb3 Nfd7 12. Rd1 Nc6 13. e3 Na5 14. Qc2 Nc5 15. Nd2 Bg4 16. Rdb1 Rac8 17. h3 Bd7 18. Ba3 Qa6 19. N2b3 b6 20. Bf1 e5 21. Nxc5 bxc5 22. Nb5 e4 23. Bb2 Bxb2 24. Rxb2 Rfe8 25. Rd1 Bxb5 26. cxb5 Qb6 27. Qc3 h5 28. h4 Rcd8 29. Rbd2 Rxd2 30. Rxd2 Nb7 31. Rd7 Nd6 32. Qf6 Re6 33. Rd8+ Ne8 34. Qg5 Kg7 35. Bc4 Nf6 36. Bxe6 Qxd8 37. Bc4 Qd1+ 38. Kg2 Qf3+ 39. Kg1 Qd1+ 40. Bf1 c4 41. Qc5 Ng4 42. Qxc4 Qd2 43. Qd4+ Qxd4 44. exd4 Kf8 45. Bh3 Nf6 46. a4 Ke7 47. Kf1 Kd6 48. Ke2 Nd5 49. Kd2 Nb6 50. Kc3 Nxa4+ 51. Kb4 Nb6 52. Ka5 Kd5 53. Ka6 Kxd4 54. Kxa7 Kc5 55. Ka6 f5 56. Bf1 Nd5 57. Ka7 e3 58. fxe3 Nxe3 59. b6 Nd5 60. b7 Ne7 61. Bg2 Kd4 62. b8=Q Ke3 63. Qf4+ Ke2 64. Qe5+ Kf2 65. Qxe7 Kxg3 66. Qg5+ Kh2 67. Bf3 f4 68. Qg2# 1-0


[Site "https://www.chess.com"]

[Event "Titled Tuesday Blitz September 28 2021"]
[White "Havanecz, Bianka"]
[Black "Matamoros Franco, Carlos S."]
[WhiteFideId "704814"]
[BlackFideId "3600017"]
[WhiteElo "2396"]
[BlackElo "2554"]
[Result "1-0"]
[Round "09"]
[TimeControl "180+1"]
[Date "2021.09.28"]
[WhiteClock "0:00:17"]
[BlackClock "0:00:20"]

1. d4 Nf6 2. c4 c5 3. d5 g6 4. Nc3 Bg7 5. e4 d6 6. Bd3 O-O 7. Nge2 e6 8. O-O exd5 9. exd5 Ng4 10. f4 f5 11. h3 Nh6 12. Be3 Nd7 13. Bf2 Nf6 14. Bh4 Bd7 15. a4 Qa5 16. Nb5 Nf7 17. Be1 Qd8 18. Bc3 a6 19. Na3 Re8 20. Nc2 Ne4 21. Bxg7 Kxg7 22. Ra3 b5 23. axb5 axb5 24. cxb5 Qb6 25. Bxe4 fxe4 26. Nc3 Bxb5 27. Rxa8 Rxa8 28. Nxb5 Qxb5 29. Re1 Re8 30. Qc1 Nh6 31. Ne3 Nf5 32. Nxf5+ gxf5 33. Qc3+ Kf7 34. g4 Rg8 35. g5 h6 36. h4 hxg5 37. hxg5 Qa4 38. Qf6+ Ke8 39. Qe6+ Kf8 40. Qf6+ Ke8 41. Qe6+ Kf8 42. Qxd6+ Ke8 43. Qe6+ Kf8 44. Qxf5+ Kg7 45. Qf6+ Kh7 46. Qh6# 1-0


[Site "https://www.chess.com"]

[Event "Titled Tuesday Blitz September 28 2021"]
[White "Hess, Robert"]
[Black "Skatchkov, Valery"]
[WhiteFideId "2022036"]
[BlackFideId "24195812"]
[WhiteElo "2557"]
[BlackElo "2195"]
[Result "1-0"]
[Round "09"]
[TimeControl "180+1"]
[Date "2021.09.28"]
[WhiteClock "0:00:02"]
[BlackClock "0:00:03"]

1. b3 e5 2. Bb2 Nc6 3. h3 g6 4. g4 Bg7 5. Bg2 Nge7 6. d3 O-O 7. Nd2 d5 8. e4 Be6 9. Ngf3 h6 10. Qe2 a5 11. a3 b5 12. O-O d4 13. a4 b4 14. Nh2 g5 15. Rfe1 Ng6 16. Ndf1 Nf4 17. Qf3 Ne7 18. Ng3 Neg6 19. Bf1 Ra6 20. Bc1 Rc6 21. Qd1 f6 22. Nf5 Kf7 23. Bg2 Rg8 24. Nf1 Ke8 25. N1g3 Kd7 26. Bxf4 Nxf4 27. Nh5 Bf8 28. Nxf4 gxf4 29. Kf1 Qe8 30. Bf3 Rc3 31. Ke2 Qf7 32. Rb1 Kc8 33. Kd2 Rh8 34. Rg1 Qd7 35. Qe1 Qc6 36. Bd1 Rg8 37. f3 Bxf5 38. gxf5 Rg7 39. Rxg7 Bxg7 40. Qg1 Qd7 41. Qg6 Rc6 42. Be2 Bf8 43. Rg1 Qe7 44. Bd1 Kb7 45. Qg8 Qc5 46. Rg6 Qc3+ 47. Ke2 Bd6 48. Qd5 Qb2 49. Qb5+ Rb6 50. Qd5+ Ka6 51. Qa8# 1-0


[Site "https://www.chess.com"]

[Event "Titled Tuesday Blitz September 28 2021"]
[White "Janaszak, Dawid"]
[Black "Vovk, Orest"]
[WhiteFideId "1119206"]
[BlackFideId "14113490"]
[WhiteElo "2283"]
[BlackElo "2203"]
[Result "0-1"]
[Round "09"]
[TimeControl "180+1"]
[Date "2021.09.28"]
[WhiteClock "0:00:17"]
[BlackClock "0:00:31"]

1. d4 e5 2. dxe5 Nc6 3. Nf3 Qe7 4. Nc3 Nxe5 5. Nxe5 Qxe5 6. g3 Nf6 7. Bg2 Bb4 8. Bd2 O-O 9. a3 Ba5 10. O-O d5 11. Bf4 Qh5 12. Nxd5 Nxd5 13. Qxd5 Qxd5 14. Bxd5 c6 15. Bg2 Bf5 16. e4 Be6 17. Rfd1 Rfd8 18. Bf3 f6 19. Rxd8+ Rxd8 20. Rd1 Rxd1+ 21. Bxd1 Kf7 22. Kf1 g5 23. Be3 a6 24. Bh5+ Ke7 25. Bc5+ Kd7 26. Ke2 Bc4+ 27. Kd1 Be6 28. c3 Bc7 29. Kd2 b6 30. Bd4 Ke7 31. Be2 c5 32. Be3 a5 33. f4 gxf4 34. Bxf4 Be5 35. Bb5 Bg4 36. Ke3 Bd1 37. Be2 Bb3 38. Bg4 Kf7 39. h4 Kg7 40. h5 h6 41. Be2 Kh7 42. Kd3 Kg7 43. c4 Ba4 44. Bxe5 fxe5 45. Bg4 Kf6 46. Bf5 Kg5 47. Ke3 Bb3 48. Be6 Kxh5 49. Kd3 Kg5 50. Bd7 Bd1 51. Kc3 Bg4 52. Bc6 Bf3 53. b4 Kg4 54. bxa5 bxa5 55. Kb3 Bd1+ 56. Kc3 Kxg3 57. Kd3 h5 58. Ke3 h4 0-1


[Site "https://www.chess.com"]

[Event "Titled Tuesday Blitz September 28 2021"]
[White "Jobava, Baadur"]
[Black "Demin, Vladimir"]
[WhiteFideId "13601520"]
[BlackFideId "4167457"]
[WhiteElo "2731"]
[BlackElo "2536"]
[Result "1-0"]
[Round "09"]
[TimeControl "180+1"]
[Date "2021.09.28"]
[WhiteClock "0:01:16"]
[BlackClock "0:00:12"]

1. e4 Nf6 2. e5 Nd5 3. Nc3 Nxc3 4. dxc3 d6 5. exd6 cxd6 6. Be3 Nc6 7. Qd2 Qa5 8. Nf3 Bg4 9. Be2 g6 10. h3 Bd7 11. a3 Bg7 12. O-O-O a6 13. Bh6 Bxh6 14. Qxh6 O-O-O 15. Rhe1 f6 16. Nd4 e5 17. Nb3 Qc7 18. Qg7 f5 19. Bc4 e4 20. Bd5 Ne5 21. Nd4 Kb8 22. f3 exf3 23. Nxf3 Nxf3 24. Bxf3 Bc6 25. Re7 Qb6 26. Kb1 Bxf3 27. gxf3 Qc6 28. Rd3 d5 29. Rde3 Ka8 30. b3 Rdg8 31. Qd4 Rc8 32. Kb2 Rhd8 33. a4 h5 34. h4 Rd6 35. f4 Qc5 36. Rg7 Ka7 37. Ree7 Rb6 38. a5 Qxd4 39. cxd4 Rb5 40. Rxg6 Rxa5 41. Rg5 Rb5 42. Rxf5 Rb6 43. Rxd5 Rf6 44. f5 Kb6 45. Re6+ Rxe6 46. fxe6 Re8 47. Rd6+ Kc7 48. Rd7+ Kc6 49. d5+ Kc5 50. c4 b5 51. Kc3 a5 52. Rc7+ 1-0


[Site "https://www.chess.com"]

[Event "Titled Tuesday Blitz September 28 2021"]
[White "Kanyamarala, Tarun"]
[Black "Shahade, Gregory"]
[WhiteFideId "45004714"]
[BlackFideId "2009064"]
[WhiteElo "2077"]
[BlackElo "2558"]
[Result "1-0"]
[Round "09"]
[TimeControl "180+1"]
[Date "2021.09.28"]
[WhiteClock "0:00:29"]
[BlackClock "0:00:06"]

1. d4 Nf6 2. c4 g6 3. Nc3 d5 4. cxd5 Nxd5 5. e4 Nxc3 6. bxc3 Bg7 7. Nf3 c5 8. Be3 Bg4 9. Qa4+ Nc6 10. Rd1 O-O 11. d5 Bxc3+ 12. Bd2 Bxf3 13. Bxc3 Bxd1 14. Qxd1 Nd4 15. Bd3 e5 16. dxe6 fxe6 17. a4 Qf6 18. Qd2 Rad8 19. O-O c4 20. Bxc4 Nf3+ 21. gxf3 Rxd2 22. Bxf6 Rxf6 23. e5 Rxf3 24. Bxe6+ Kf8 25. Bg4 Rf4 26. h3 h5 27. Bc8 b6 28. e6 Ke7 29. Rc1 Rfxf2 30. Rc7+ Kd6 31. Rd7+ Kc6 32. Bb7+ Kc5 33. e7 Rxd7 34. e8=Q Rfd2 35. Qe5+ Kb4 36. Bf3 h4 37. Qb5+ Ka3 38. a5 bxa5 39. Qxa5+ Kb2 40. Qb4+ Kc1 41. Qxh4 R2d4 42. Qg5+ Kb2 43. Qxg6 a5 44. Qb6+ Kc2 45. Qxa5 Rd3 46. Be4 Rg7+ 47. Kf2 Rf7+ 48. Kg2 Rg7+ 49. Kh2 Kb3 50. Qb5+ Ka3 51. Qxd3+ 1-0


[Site "https://www.chess.com"]